 Dungeon Crawl Stone Soup version 0.31.0-11-ge490571c62 (webtiles) character file.

Game seed: 13146683369913590978

604 JustSomeDude the Chopper (level 7, 0/31 (56) HPs)
             Began as a Gnoll Reaver on Feb 4, 2024.
             Slain by a gnoll
             ... wielding a +0 flail
             ... led by a gnoll bouda
              (7 damage)
             ... on level 5 of the Dungeon.
             The game lasted 00:06:12 (3641 turns).

JustSomeDude the Chopper (Gnoll Reaver)             Turns: 3641, Time: 00:06:13

HP:   0/31 (56)     AC:  6    Str: 14    XL:     7   Next: 42%
MP:   15/15         EV: 12    Int: 12    God:
Gold: 195           SH:  0    Dex: 10    Spells: 16/17 levels left

rFire   . . .        a - +0 hand axe
rCold   . . .        (no shield)
rNeg    . . .        f - +0 ring mail
rPois   .            (no helmet)
rElec   .            x - +0 cloak
rCorr   .            (no gloves)
SInv    .            (no boots)
Will    .....        (no amulet)
Stlth   +            (no ring)
HPRegen 0.25/turn    (no ring)
MPRegen 0.14/turn

%: no passive effects
@: very heavily drained
A: fangs 1, strong nose, distributed training
a: no special abilities


You were on level 5 of the Dungeon.
You visited 1 branch of the dungeon, and saw 5 of its levels.

You collected 292 gold pieces.
You spent 97 gold pieces at shops.

Inventory:

Hand Weapons
 a - a +0 hand axe (weapon)
Armour
 b - a +0 leather armour
 f - a +0 ring mail (worn)
 x - a +0 cloak (worn)
Magical Staves
 y - a staff of cold
Jewellery
 p - a ring of resist corrosion
 r - a +6 ring of strength
 t - a +4 ring of protection
Wands
 i - a wand of polymorph (3)
Scrolls
 g - a scroll of enchant weapon {unknown}
 h - a scroll of brand weapon {unknown}
 j - 3 scrolls of identify {unknown}
 l - a scroll of blinking {unknown}
 n - a scroll of poison {unknown}
 q - 2 scrolls of teleportation {unknown}
 s - a scroll of silence {unknown}
 w - a scroll of revelation
Potions
 c - 2 potions of heal wounds {unknown}
 d - a potion of brilliance {unknown}
 e - a potion of curing {unknown}
 k - a potion of invisibility {unknown}
 m - a potion of enlightenment {unknown}
 o - a potion of might
 u - a potion of haste {unknown}
 v - a potion of magic {unknown}
 z - a potion of attraction {unknown}
 A - a potion of mutation {unknown}


   Skills:
 + Level 5.3 Fighting
 + Level 2.6 Short Blades
 + Level 2.6 Long Blades
 + Level 7.1 Axes
 + Level 2.6 Maces & Flails
 + Level 2.6 Polearms
 + Level 2.6 Staves
 + Level 2.6 Ranged Weapons
 + Level 2.6 Throwing
 + Level 2.6 Armour
 + Level 5.3 Dodging
 + Level 2.6 Stealth
 + Level 2.6 Shields
 + Level 2.6 Unarmed Combat
 + Level 5.6 Spellcasting
 + Level 5.9 Conjurations
 + Level 2.1 Hexes
 + Level 2.1 Summonings
 + Level 2.1 Necromancy
 + Level 2.1 Translocations
 + Level 2.1 Fire Magic
 + Level 2.1 Ice Magic
 + Level 2.1 Air Magic
 + Level 2.1 Earth Magic
 + Level 2.1 Alchemy
 + Level 2.9 Invocations
 + Level 2.6 Evocations
 + Level 2.3 Shapeshifting


You had 16 spell levels left.
You knew the following spells:

 Your Spells              Type           Power      Damage    Failure   Level
a - Kiss of Death         Conj/Necr      52%        2d9       7%          1

Your spell library contained the following spells:

 Spells                   Type           Power      Damage    Failure   Level
 Magic Dart               Conj           68%        1d6       3%          1
 Searing Ray              Conj           34%        2d5       4%          2
 Momentum Strike          Conj/Tloc      26%        3d8       11%         2
 Hailstorm                Conj/Ice       13%        3d6       22%         3
 Confusing Touch          Hex            8%         N/A       43%         3
 Fulminant Prism          Conj/Alch      6%         3d7       56%         4
 Dispel Undead            Necr           8%         3d8       83%         4


Dungeon Overview and Level Annotations

Branches:
Dungeon (5/15)
 Temple: D:4-7

Altars:
Makhleb

Shops:
D:5 ?


Innate Abilities, Weirdness & Mutations

You have very sharp teeth.
Your uncanny sense of smell can sniff out nearby items.
Your experience applies equally to all skills.


Message History

You kill the gnoll bouda!
You feel drained.
You hit the gnoll.
The gnoll is moderately wounded.
The gnoll barely misses you.
You hit the gnoll.
The gnoll is heavily wounded.
The gnoll barely misses you.
You hit the gnoll but do no damage.
The gnoll is heavily wounded.
The gnoll misses you.
You closely miss the gnoll. Your punch misses the gnoll.
The gnoll is heavily wounded.
The gnoll is no longer moving quickly.
The gnoll hits you with a +0 whip.
You slash the gnoll!
You kill the gnoll!
You completely miss the gnoll. You bite the gnoll, but do no damage.
The gnoll hits you with a +0 flail.
You hit the gnoll.
The gnoll is heavily wounded.
The gnoll closely misses you.
You hit the gnoll.
The gnoll is almost dead.
The gnoll is no longer moving quickly.
The gnoll barely misses you.
You hit the gnoll.
You kill the gnoll!
You hit the gnoll.
The gnoll is moderately wounded.
The gnoll misses you.
You completely miss the gnoll.
The gnoll is moderately wounded.
The gnoll misses you.
You hit the gnoll.
The gnoll is heavily wounded.
The gnoll hits you with a +0 flail!
* * * LOW HITPOINT WARNING * * *
You hit the gnoll. You bite the gnoll, but do no damage.
The gnoll is severely wounded.
The gnoll hits you with a +0 flail!
You die...

..# # #.# #. #.#
#.###.#### #........###
#### ##<........ #...
#.........
#...###########.........
#.....g@................
#...#########...........
#... #............. #...
#.#.#......... #...
#...#......... ###.
#####......... #.
#......... #. #.........
#.########


You could see a gnoll.

Vanquished Creatures
  2 ogres
  A centaur (D:3)
  A bombardier beetle (D:4)
  3 hounds (D:4)
  A gnoll bouda (D:5)
  Natasha (twice) (D:4)
  Robin (D:3)
  2 gnolls (D:5)
  5 adders
  A white imp (D:5)
  3 dart slugs
  6 bats
  3 endoplasms
  3 giant cockroaches
  14 goblins
  6 hobgoblins
  3 quokkas
  8 ball pythons
  3 frilled lizards (D:2)
  7 kobolds
  6 rats
81 creatures vanquished.

Notes
Turn   | Place    | Note
-------+----------+-------------------------------------------
     0 | D:1      | JustSomeDude the Gnoll Reaver began the quest for the Orb.
     0 | D:1      | Reached XP level 1. HP: 20/20 MP: 6/6
    77 | D:1      | Reached XP level 2. HP: 22/26 MP: 7/7
   431 | D:1      | Reached skill level 5 in Spellcasting
   431 | D:1      | Reached XP level 3. HP: 28/31 MP: 7/9
   654 | D:2      | Reached skill level 1 in Invocations
   770 | D:2      | Reached skill level 1 in Short Blades
   770 | D:2      | Reached skill level 1 in Long Blades
   770 | D:2      | Reached skill level 1 in Maces & Flails
   770 | D:2      | Reached skill level 1 in Polearms
   770 | D:2      | Reached skill level 1 in Staves
   770 | D:2      | Reached skill level 1 in Ranged Weapons
   770 | D:2      | Reached skill level 1 in Throwing
   770 | D:2      | Reached skill level 1 in Armour
   770 | D:2      | Reached skill level 1 in Stealth
   770 | D:2      | Reached skill level 1 in Shields
   770 | D:2      | Reached skill level 1 in Unarmed Combat
   770 | D:2      | Reached skill level 1 in Evocations
   986 | D:2      | Reached skill level 1 in Shapeshifting
   986 | D:2      | Reached XP level 4. HP: 32/38 MP: 11/11
  1505 | D:3      | Reached skill level 1 in Hexes
  1505 | D:3      | Reached skill level 1 in Summonings
  1505 | D:3      | Reached skill level 1 in Necromancy
  1505 | D:3      | Reached skill level 1 in Translocations
  1505 | D:3      | Reached skill level 1 in Fire Magic
  1505 | D:3      | Reached skill level 1 in Ice Magic
  1505 | D:3      | Reached skill level 1 in Air Magic
  1505 | D:3      | Reached skill level 1 in Earth Magic
  1505 | D:3      | Reached skill level 1 in Alchemy
  1694 | D:3      | Noticed a centaur
  1698 | D:3      | Killed a centaur
  1699 | D:3      | Reached XP level 5. HP: 31/43 MP: 10/12
  1776 | D:3      | Noticed Robin
  1786 | D:3      | Killed Robin
  2103 | D:4      | Noticed an ogre
  2127 | D:4      | Killed an ogre
  2128 | D:4      | Reached skill level 5 in Fighting
  2128 | D:4      | Reached skill level 5 in Dodging
  2128 | D:4      | Reached XP level 6. HP: 14/38 MP: 9/14
  2569 | D:4      | Noticed Natasha
  2583 | D:4      | Killed Natasha
  2812 | D:4      | Noticed Natasha
  2822 | D:4      | Killed Natasha
  2941 | D:4      | Reached skill level 7 in Axes
  2941 | D:4      | Reached XP level 7. HP: 21/38 MP: 15/15
  3016 | D:5      | Entered Level 5 of the Dungeon
  3036 | D:5      | Found Riemum's Magic Scroll Shop.
  3044 | D:5      | Bought a scroll of revelation for 97 gold pieces
  3310 | D:5      | Found a burning altar of Makhleb.
  3641 | D:5      | Slain by a gnoll

Illustrated notes

Levels and vault maps discovered:
D:1:      dpeg_arrival_tiny_k, layout_basic
D:2:      layout_loops_ring, st_stairs_3
D:3:      layout_basic, uniq_robin
D:4:      layout_basic, uniq_natasha
D:5:      layout_basic, amcnicky_altar_gilded, serial_shops,
          nicolae_shop_tiny_waterfront

Skill      XL: |  1  2  3  4  5  6  7 |
---------------+----------------------+-----
Spellcasting   | 5 |  5.6
Invocations    | 1 2 |  2.9
Short Blades   | 1 2 |  2.6
Long Blades    | 1 2 |  2.6
Maces & Flails | 1 2 |  2.6
Polearms       | 1 2 |  2.6
Staves         | 1 2 |  2.6
Ranged Weapons | 1 2 |  2.6
Throwing       | 1 2 |  2.6
Armour         | 1 2 |  2.6
Stealth        | 1 2 |  2.6
Shields        | 1 2 |  2.6
Unarmed Combat | 1 2 |  2.6
Evocations     | 1 2 |  2.6
Shapeshifting  | 1 2 |  2.3
Hexes          | 1 2 |  2.1
Summonings     | 1 2 |  2.1
Necromancy     | 1 2 |  2.1
Translocations | 1 2 |  2.1
Fire Magic     | 1 2 |  2.1
Ice Magic      | 1 2 |  2.1
Air Magic      | 1 2 |  2.1
Earth Magic    | 1 2 |  2.1
Alchemy        | 1 2 |  2.1
Fighting       | 5 |  5.3
Dodging        | 5 |  5.3
Axes           | 7 |  7.1
Conjurations   | |  5.9

Action                     |  1- 3 |  4- 6 |  7- 9 || total
---------------------------+-------+-------+-------++-------
  Melee: Hand axe          |   108 |   172 |    38 ||   318
         Bite              |     9 |    16 |     5 ||    30
         Punch             |     1 |     2 |       ||     3
   Cast: Kiss of Death     |       |     7 |     3 ||    10
    Use: Potion            |       |       |     1 ||     1
 Armour: Leather armour    |    37 |       |       ||    37
         Ring mail         |    21 |   113 |    17 ||   151
  Dodge: Dodged            |    60 |   112 |    20 ||   192
